 Dungeon Crawl Stone Soup version 0.31.0-32-g396128a36d (webtiles) character file.

Game seed: 6146992261987455528

44 Doomgape the Covered (level 3, 0/24 HPs)
             Began as a Gargoyle Fighter on Mar 27, 2024.
             Slain by Sigmund
             ... wielding a +0 scythe
              (1 damage)
             ... on level 2 of the Dungeon.
             The game lasted 00:02:34 (986 turns).

Doomgape the Covered (Gargoyle Fighter)              Turns: 986, Time: 00:02:35

Health: 0/24       AC: 10    Str: 18 (21) XL:     3   Next: 62%
Magic:  3/3        EV:  9    Int:  6 (8)  God:
Gold:   87         SH:  4    Dex:  6 (9)  Spells: 2/2 levels left

rFire   . . .        a - +0 flail
rCold   . . .        c - +0 buckler
rNeg    + . .        b - +0 scale mail
rPois   ∞            (no helmet)
rElec   +            f - scarf {repulsion}
rCorr   .            (no gloves)
SInv    .            (no boots)
Will    .....        (no amulet) Stlth
                     (no ring)
HPRegen 0.24/turn    (no ring)
MPRegen 0.08/turn

%: repel missiles
@: mighty, invisible
A: sickness immunity, AC +3, negative energy resistance 1, electricity
resistance, torment resistance 1, petrification resistance
a: no special abilities


You were on level 2 of the Dungeon.
You visited 1 branch of the dungeon, and saw 2 of its levels.
You visited the Abyss 1 time.

You collected 87 gold pieces.

Inventory:

Hand Weapons
 a - a +0 flail (weapon)
Armour
 b - a +0 scale mail (worn)
 c - a +0 buckler (worn)
 f - a scarf of repulsion (worn)
Scrolls
 g - a scroll of brand weapon {unknown}
 j - 3 scrolls of identify {unknown}
Potions
 d - a potion of might
 h - a potion of degeneration
 i - a potion of invisibility


   Skills:
 + Level 3.7 Fighting
 + Level 2.5 Maces & Flails
 + Level 3.8 Armour
 + Level 3.7 Shields


You had 2 spell levels left.
You didn't know any spells.
Your spell library was empty.

Dungeon Overview and Level Annotations

Branches:
Dungeon (2/15)

Altars:

Annotations:
D:2 Sigmund


Innate Abilities, Weirdness & Mutations

You are immune to sickness and miasma.
Your stone body is resilient. (AC +3)
You are immune to poison.
You resist negative energy. (rN+)
You are resistant to electric shocks. (rElec)
You are resistant to unholy torment.
You are immune to petrification.


Message History

You block Sigmund's attack. Sigmund hits you with a +0 scythe.
You closely miss Sigmund.
Sigmund points at you and mumbles some strange words.
You are confused.
You bump into the rock wall.
Sigmund casts a spell.
Sigmund flickers and vanishes!
Deactivating autopickup; reactivate with Ctrl-A.
Unknown command.
You feel very mighty all of a sudden.
You hear some strange, mumbled words.
You are more confused.
Unknown command.
It was a potion of degeneration.
There was something very wrong with that liquid.
You feel weakened.
You feel dopey.
You feel clumsy. Something hits you!
Unknown command.
You bump into the rock wall.
You hear some strange, mumbled words.
You are more confused.
It was a potion of invisibility.
You fade into invisibility!
Something hits you!
It was a potion of curing.
You feel better. Something hits you but does no damage.
Unknown command.
You miss something. Something hits you but does no damage.
You miss something. You block something's attack.
You sock something! Something hits you but does no damage.
You miss something.
You hear some strange, mumbled words.
A magic dart appears from out of thin air!
The magic dart hits you!
You closely miss something. Something hits you but does no damage.
You closely miss something. Something hits you!
* * * LOW HITPOINT WARNING * * *
You miss something. Something hits you.
You die...

##########
#........#
#........#
#........#
#........###
#..........#
#############.##.#
#.......# #.##@#
.<...##.# #<.#{#
.....##.# #..#.#
.....##.# #..#.#
.....##.# #..#.#
.....##.# #..#.#
.....##.#####..#.#
.....##........#.#
.....#######...#


There were no monsters in sight!

Vanquished Creatures
  An adder (D:2)
  2 dart slugs (D:1)
  2 ball pythons
  3 endoplasms (D:1)
  2 giant cockroaches (D:1)
  3 goblins (D:1)
  A hobgoblin (D:2)
  5 jackals (D:1)
  A quokka (D:2)
  A bat (D:1)
  2 frilled lizards
  3 kobolds (D:1)
  4 rats
30 creatures vanquished.

Notes
Turn   | Place    | Note
-------+----------+-------------------------------------------
     0 | D:1      | Doomgape the Gargoyle Fighter began the quest for the Orb.
     0 | D:1      | Reached XP level 1. HP: 14/14 MP: 1/1
    58 | Abyss:1  | Cast into level 1 of the Abyss (kobold)
    66 | D:1      | Escaped the Abyss
   116 | D:1      | Reached XP level 2. HP: 18/19 MP: 2/2
   398 | D:1      | Reached XP level 3. HP: 20/23 MP: 3/3
   968 | D:2      | Noticed Sigmund
   985 | D:2      | HP: 1/24 [something (9)]
   986 | D:2      | Slain by Sigmund

Illustrated notes

Levels and vault maps discovered:
D:1:      saegor_arrival_simple_a, layout_loops_ring, st_stairs_5
D:2:      layout_basic, uniq_jessica, uniq_sigmund, uniq_natasha

Action                     || total
---------------------------++-------
  Melee: Flail             ||    96
    Use: Potion            ||     4
 Armour: Scale mail        ||    65
  Dodge: Dodged            ||    49
         Repelled          ||     2
  Block: Buckler           ||    22
